 Dungeon Sprint DCSS version 0.30-a0-292-g0f741e3f8e (webtiles) character file.

Game seed: 2490072540390012460

23676 Iusername the Pulveriser (level 12, -22/134 HPs)
             Began as a Minotaur Fighter on Oct 17, 2022.
             Was a High Priest of Okawaru.
             Annihilated by a boulder beetle (25 damage)
             ... in the Dungeon (Sprint IX: "|||||||||||||||||||||||||||||").
             The game lasted 00:13:05 (4666 turns).

Iusername the Pulveriser (Minotaur Fighter)         Turns: 4666, Time: 00:13:06

Health: -22/134    AC: 31    Str: 29    XL:     12   Next: 73%
Magic:  2/15       EV: 13    Int:  5    God:    Okawaru [*****.]
Gold:   1236       SH:  0    Dex: 13    Spells: 11/11 levels left

rFire   . . .      SeeInvis .    m - +7 lajatang of Order {silver, rMut}
rCold   . . .      Faith    .    (shield currently unavailable)
rNeg    . . .      Spirit   .    i - +3 plate armour {rPois}
rPois   +          Reflect  .    s - +0 hat {Stlth+}
rElec   .          Harm     .    z - +1 cloak
rCorr   .          Rampage  .    y - +1 pair of gloves
rMut    +          NoTele   +    p - +0 pair of boots
Will    .....                    (no amulet)
Stlth   +.........               c - +3 ring of dexterity
HPRegen 0.42/turn                n - +3 ring of strength
MPRegen 0.14/turn

@: heroic, finesse-ful
A: horns 2, retaliatory headbutt
a: Renounce Religion, Heroism, Finesse


You were in the Dungeon.
You worshipped Okawaru.
Okawaru was extremely pleased with you.
You visited 1 branch You collected 1924 gold pieces.
You spent 688 gold pieces at shops.

Inventory:

Hand Weapons
 m - the +7 lajatang of Order (weapon) {silver, rMut}
   (You found it in the Dungeon)

   It inflicts extra damage upon those it strikes, and deals substantially
   increased damage to chaotic, mutated and magically transformed beings.
   rMut:      It protects you from mutation.
 u - a +5 spectral quarterstaff
Missiles
 r - 4 throwing nets (quivered)
Armour
 i - a +3 plate armour of poison resistance (worn)
 p - a +0 pair of boots (worn)
 q - the +1 plate armour of Creativity {+Inv rPois rN+ Int-5}
   (You found it in the Dungeon)

   Int:       It affects your intelligence (-5).
   rPois:     It protects you from poison.
   rN:        It protects you from negative energy.
   +Inv:      It lets you turn invisible.
 s - a +0 hat of stealth (worn)
 t - the +3 tower shield of Soft Rains {+Blink rElec}
   (Okawaru gifted it to you in the Dungeon)

   rElec:     It insulates you from electricity.
   +Blink:    It lets you blink.
 y - a +1 pair of gloves (worn)
 z - a +1 cloak (worn)
Jewellery
 c - a +3 ring of dexterity (left hand)
 j - a ring of see invisible
 n - a +3 ring of strength (right hand)
 o - a ring of willpower
Wands
 l - a wand of roots (9)
Scrolls
 d - 2 scrolls of enchant weapon
 f - 3 scrolls of identify
 k - 2 scrolls of amnesia
 w - 3 scrolls of blinking
 x - a scroll of fear
Potions
 a - 3 potions of brilliance
 h - 4 potions of magic


   Skills:
 + Level 20.4(25.4) Fighting
 + Level 12.0(17.0) Long Blades
 + Level 22.0(27) Staves
 + Level 18.6(23.6) Armour
 + Level 4.7(9.7) Dodging
 + Level 5.7(10.7) Stealth
 + Level 11.0(16.0) Shields
 + Level 5.6 Invocations
 + Level 0.8 Evocations


You had 11 spell levels left.
You didn't know any spells.
Your spell library was empty.

Dungeon Overview and Level Annotations

Branches:
Dungeon (1/1)

Altars:
Cheibriados
Dithmenos
Elyvilon
Fedhas
Gozag
Hepliaklqana
Kikubaaqudgha
Makhleb
Nemelex Xobeh
Okawaru
Qazlal
Ru
Sif Muna
Trog
Uskayaw
Vehumet
Wu Jian
Xom
Yredelemnul
Zin
The Shining One
Jiyva
Lugonu

Shops:
D *?[*


Innate Abilities, Weirdness & Mutations

You have a pair of horns on your head.
You reflexively headbutt those who attack you in melee.


Message History

The frost giant freezes you.
* * * LOW HITPOINT WARNING * * *
The boulder beetle barely misses you.
You feel better.
The frost giant hits you but does no damage.
The boulder beetle leaps!
You feel better.
The frost giant hits you with a +1 battleaxe of freezing.
* * * LOW HITPOINT WARNING * * *
The frost giant freezes you.
* * * LOW HITPOINT WARNING * * *
You feel better. The frost giant misses you. You furiously retaliate!
You headbutt the frost giant!
You feel better. The frost giant misses you.
The boulder beetle leaps!
You slice the frost giant!!
You headbutt the frost giant, but do no damage.
The frost giant is severely wounded.
You slice the frost giant!! You headbutt the frost giant.
The frost giant is almost dead.
You slice the frost giant!!
You kill the frost giant!
Okawaru is honoured by your kill.
The stone giant throws a large rock.
The large rock hits you!!
* * * LOW HITPOINT WARNING * * *
The boulder beetle curls into a ball and begins rolling!
Your base Staves skill increases to level 22!
You feel better.
You feel better. The stone giant hits you!!
* * * LOW HITPOINT WARNING * * *
You feel better.
The stone giant hits you but does no damage.
You hit the stone giant but do no damage.
You slice the stone giant!!
The stone giant is moderately wounded.
You hit the stone giant.
The stone giant is moderately wounded.
The stone giant hits you!
* * * LOW HITPOINT WARNING * * *
The boulder beetle hits you!!
You die...

..'..[..[..'.!..........'.......†
▓▓▓▓▓▓▓▓▓▓▓▓▓▓▓▓▓▓▓▓▓▓▓▓▓▓▓▓▓▓▓▓▓
......)...................)).....
▓▓▓▓▓▓▓▓▓▓▓▓▓▓▓▓▓▓▓▓▓▓▓▓▓▓▓▓▓▓▓▓▓
.......'.....∩.∩)∩.∩).)))'....)..
▓▓▓▓▓▓▓▓▓▓▓▓▓▓▓▓▓▓▓▓▓▓▓▓▓▓▓▓▓▓▓▓▓
.................................
▓▓▓▓▓▓▓▓▓▓▓▓▓▓▓▓▓▓▓▓▓▓▓▓▓▓▓▓▓▓▓▓▓
,,,,,,,+,......C@B°°°).'.........
*********▓▓▓▓▓▓▓▓▓▓▓▓▓▓▓▓▓▓▓▓▓▓▓▓
,,,,,,,,,,,,,,,,,,,,,,,,,,,,,,,,,
*********************************
,,,,,,,,,,+,,,,,,,,,+,,,,,,,,,+,,
*********************************
,,,,,,,,,,,,,,,,,,,,,,,,,,,,,,,,,
*********************************
,,,,,,,+,,,,,,,,,,,,,,,,,,,,,+,,,


You could see a stone giant and a boulder beetle (rolling).

Vanquished Creatures
  Gastronok (D)
  A frost giant (D)
  2 fire dragons (D)
  Harold (D)
  A spriggan air mage (D)
  2 centaur warriors (D)
  A two-headed ogre (D)
  2 boulder beetles (D)
  A death yak (D)
  3 orc high priests (D)
  Sonja (D)
  A hell knight (D)
  A fire crab (shapeshifter) (D)
  6 orc knights (D)
  A deep elf pyromancer (D)
  2 ugly things (D)
  2 cyclopes (D)
  4 orc sorcerers (D)
  A black mamba (D)
  4 cane toads (D)
  An unseen horror (D)
  A rime drake (D)
  2 komodo dragons (D)
  A blink frog (D)
  2 slime creatures (D)
  A shadow (D)
  A wyvern (D)
  Eustachio (D)
  3 yaks (D)
  5 wargs (D)
  A hell hound (D)
  2 water moccasins (D)
  7 orc warriors (D)
  A centaur (D)
  An ogre (D)
  2 wolves (D)
  A kobold brigand (D)
  3 bullfrogs (D)
  A scorpion (D)
  A hound (D)
  3 orc priests (D)
  4 orc wizards (D)
  A white imp (D)
  12 orcs (D)
  An endoplasm (D)
  2 hobgoblins (D)
  2 rats (D)
101 creatures vanquished.

Vanquished Creatures (others)
  A manticore (D)
  A tengu conjurer (D)
2 creatures vanquished.

Grand Total: 103 creatures vanquished

Notes
Turn   | Place    | Note
-------+----------+-------------------------------------------
     0 | D        | Iusername the Minotaur Fighter began the quest for the Orb.
     0 | D        | Reached XP level 1. HP: 19/19 MP: 0/0
    18 | D        | Noticed a scorpion
    18 | D        | Noticed an ogre
    18 | D        | Noticed a hound
    23 | D        | Reached XP level 2. HP: 28/28 MP: 1/1
    31 | D        | Reached skill level 5 in Fighting
    31 | D        | Reached skill level 5 in Armour
    31 | D        | Reached skill level 5 in Shields
    31 | D        | Reached XP level 3. HP: 37/37 MP: 2/2
    36 | D        | Killed an ogre
    37 | D        | Reached skill level 5 in Long Blades
    37 | D        | Reached skill level 1 in Dodging
    37 | D        | Reached XP level 4. HP: 34/47 MP: 3/3
    40 | D        | Killed a scorpion
    41 | D        | Reached XP level 5. HP: 25/53 MP: 4/4
   231 | D        | Found a snail-covered altar of Cheibriados.
   231 | D        | Found a shadowy altar of Dithmenos.
   231 | D        | Found a white marble altar of Elyvilon.
   231 | D        | Found a blossoming altar of Fedhas.
   231 | D        | Found an opulent altar of Gozag.
   232 | D        | Found a hazy altar of Hepliaklqana.
   233 | D        | Found a viscous altar of Jiyva.
   234 | D        | Found an ancient bone altar of Kikubaaqudgha.
   235 | D        | Found a corrupted altar of Lugonu.
   236 | D        | Found a burning altar of Makhleb.
   237 | D        | Found a sparkling altar of Nemelex Xobeh.
   238 | D        | Found an iron altar of Okawaru.
   239 | D        | Found a stormy altar of Qazlal.
   240 | D        | Found a sacrificial altar of Ru.
   241 | D        | Found a shimmering blue altar of Sif Muna.
   242 | D        | Found a bloodstained altar of Trog.
   243 | D        | Found a hide-covered altar of Uskayaw.
   244 | D        | Found a radiant altar of Vehumet.
   245 | D        | Found an ornate altar of the Wu Jian Council.
   246 | D        | Found a shimmering altar of Xom.
   247 | D        | Found a basalt altar of Yredelemnul.
   248 | D        | Found a glowing silver altar of Zin.
   249 | D        | Found a glowing golden altar of the Shining One.
   292 | D        | Became a worshipper of Warmaster Okawaru
   304 | D        | Found the +7 lajatang of Order {silver, rMut}
   357 | D        | Noticed a shadow
   357 | D        | Noticed a two-headed ogre
   357 | D        | Noticed a yak
   357 | D        | Noticed a yak
   357 | D        | Noticed a centaur
   362 | D        | Killed a centaur
   363 | D        | Reached skill level 1 in Staves
   363 | D        | Reached XP level 6. HP: 48/62 MP: 5/5
   365 | D        | Killed a yak
   366 | D        | Reached skill level 3 in Staves
   367 | D        | Killed a yak
   367 | D        | Reached * piety under Okawaru
   368 | D        | Reached skill level 4 in Staves
   368 | D        | Reached XP level 7. HP: 56/71 MP: 6/6
   371 | D        | Killed a two-headed ogre
   372 | D        | Reached skill level 7 in Staves
   372 | D        | Reached XP level 8. HP: 28/82 MP: 7/7
   375 | D        | Reached skill level 10 in Shields
   376 | D        | Reached skill level 10 in Long Blades
   803 | D        | Noticed a cyclops
   803 | D        | Noticed a boulder beetle
   803 | D        | Noticed a centaur warrior
   803 | D        | Noticed a tengu conjurer
   803 | D        | Noticed a manticore
   805 | D        | Killed a manticore
   806 | D        | Killed a tengu conjurer
   807 | D        | Reached skill level 8 in Staves
   811 | D        | Killed a centaur warrior
   811 | D        | Reached ** piety under Okawaru
   812 | D        | Reached skill level 9 in Staves
   812 | D        | Reached XP level 9. HP: 71/91 MP: 8/8
   815 | D        | Killed a boulder beetle
   816 | D        | Reached skill level 10 in Staves
   816 | D        | Reached skill level 1 in Stealth
   819 | D        | Killed a cyclops
   819 | D        | Reached *** piety under Okawaru
   820 | D        | Reached skill level 11 in Staves
   826 | D        | Killed an unseen horror
  1402 | D        | Noticed a cane toad
  1402 | D        | Noticed a cane toad
  1402 | D        | Noticed a cane toad
  1402 | D        | Noticed a boulder beetle
  1409 | D        | Killed a cane toad
  1409 | D        | Reached **** piety under Okawaru
  1410 | D        | Reached skill level 12 in Staves
  1412 | D        | Killed a cane toad
  1413 | D        | Reached XP level 10. HP: 93/102 MP: 9/9
  1416 | D        | Killed a cane toad
  1417 | D        | Reached skill level 13 in Staves
  1420 | D        | Killed a boulder beetle
  1421 | D        | Reached skill level 14 in Staves
  1438 | D        | Noticed a black mamba
  1438 | D        | Noticed a cane toad
  1439 | D        | Reached ***** piety under Okawaru
  1443 | D        | Killed a cane toad
  1447 | D        | Reached skill level 15 in Staves
  1448 | D        | Noticed a death yak
  1454 | D        | Killed a black mamba
  1455 | D        | Reached skill level 15 in Fighting
  1460 | D        | Reached skill level 16 in Staves
  1465 | D        | Killed a death yak
  1466 | D        | Reached skill level 5 in Stealth
  1652 | D        | Reached XP level 11. HP: 113/113 MP: 10/10
  1665 | D        | Reached skill level 17 in Staves
  1672 | D        | Received a gift from Okawaru
  1730 | D        | Noticed Harold
  1734 | D        | Killed Harold
  1735 | D        | Reached skill level 15 in Armour
  2014 | D        | Noticed Gastronok
  2029 | D        | Killed Gastronok
  2030 | D        | Reached skill level 18 in Staves
  2343 | D        | Noticed Eustachio
  2344 | D        | Noticed Sonja
  2361 | D        | Killed Sonja
  2366 | D        | Killed Eustachio
  2702 | D        | Noticed an orc knight
  2702 | D        | Noticed an orc high priest
  2712 | D        | Killed an orc high priest
  2717 | D        | Killed an orc knight
  2717 | D        | Reached ****** piety under Okawaru
  2994 | D        | Noticed an orc knight
  2994 | D        | Noticed an orc knight
  3003 | D        | Killed an orc knight
  3004 | D        | Reached skill level 19 in Staves
  3007 | D        | Killed an orc knight
  3008 | D        | Reached skill level 1 in Invocations
  3023 | D        | Identified the +3 tower shield of Soft Rains {+Blink rElec}
                  | (Okawaru gifted it to you in the Dungeon)
  3023 | D        | Received a gift from Okawaru
  3670 | D        | Found Vonoasm's General Store.
  3670 | D        | Noticed an orc high priest
  3670 | D        | Noticed an orc knight
  3672 | D        | Noticed an orc knight
  3679 | D        | Killed an orc knight
  3680 | D        | Found Qokkolis's Antique Armour Shop.
  3681 | D        | Noticed an orc sorcerer
  3683 | D        | Noticed a sixfirhy
  3684 | D        | Killed an orc high priest
  3686 | D        | Noticed an orc sorcerer
  3688 | D        | Killed an orc knight
  3692 | D        | Found Soxaonk's Magic Scroll Boutique.
  3700 | D        | Killed an orc sorcerer
  3701 | D        | Reached skill level 20 in Staves
  3703 | D        | Found Riarphuq's General Store.
  3704 | D        | Killed an orc sorcerer
  3704 | D        | Noticed an orc sorcerer
  3705 | D        | Reached XP level 12. HP: 60/128 MP: 12/12
  3706 | D        | Noticed an orc high priest
  3747 | D        | Killed an orc high priest
  4260 | D        | Bought a scroll of magic mapping for 90 gold pieces
  4275 | D        | Bought a runed plate armour for 598 gold pieces
  4504 | D        | Got the +1 plate armour of Creativity {+Inv rPois rN+
                  | Int-5}
  4609 | D        | Noticed a centaur warrior
  4610 | D        | Noticed a boulder beetle
  4617 | D        | Reached skill level 21 in Staves
  4617 | D        | Noticed a fire dragon
  4622 | D        | Noticed a spriggan air mage
  4623 | D        | Killed a centaur warrior
  4624 | D        | Noticed a fire dragon
  4624 | D        | Noticed a frost giant
  4628 | D        | Noticed a stone giant
  4631 | D        | Killed a fire dragon
  4642 | D        | Killed a spriggan air mage
  4642 | D        | Identified the +0 chain mail of Negation {Stlth+} (Okawaru
                  | gifted it to you in the Dungeon)
  4642 | D        | Received a gift from Okawaru
  4643 | D        | Reached skill level 5 in Invocations
  4651 | D        | Killed a fire dragon
  4653 | D        | HP: 6/133 [frost giant/+1 battleaxe of freezing (3)]
  4660 | D        | Killed a frost giant
  4661 | D        | Reached skill level 22 in Staves
  4666 | D        | HP: 3/134 [stone giant (15)]
  4666 | D        | Annihilated by a boulder beetle

Illustrated notes

Levels and vault maps discovered:
D:        linesprint [early_d, line_temple, items_1, d_10, items_2, lair_1,
          lair_end, items_3, orc_1, orc_end, items_4, d_15, swamp_1, shoals_1,
          snake_1, spider_1, d_20, vaults_1, items_5, swamp_end, shoals_end,
          snake_end, spider_end, vaults_end, d_27, items_6, zot_1, zot_end,
          crypt_end, forest_end, elf_end, slime_end, tomb_end, abyss_end,
          pan_hell_end]

Skill      XL: |  1  2  3  4  5  6  7  8  9 10 11 12 |
---------------+-------------------------------------+-----
Fighting       | 4 5 7 8 9 11 12 13 15 18 20 | 20.4
Armour         | 4 5 7 8 9 11 12 13 14 17 18 | 18.6
Shields        | 4 5 6 7 8 9 10 11 | 11.0
Long Blades    | 3 5 6 8 9 11 12 | 12.0
Dodging        | 1 2 3 4 |  4.7
Staves         | 1 4 7 9 12 16 20 22 | 22.0
Stealth        | 3 5 |  5.7
Invocations    | 1 5 |  5.6
Evocations     | |  0.8

Action                   |  1- 3 |  4- 6 |  7- 9 | 10-12 || total
-------------------------+-------+-------+-------+-------++-------
Melee: Long sword        |    23 |     4 |       |       ||    27
       Headbutt          |     3 |     1 |     9 |    45 ||    58
       Lajatang          |       |     7 |    33 |   228 ||   268
Invok: Heroism           |       |       |       |     8 ||     8
       Finesse           |       |       |       |     3 ||     3
Evoke: Wand              |       |       |       |     1 ||     1
  Use: Potion            |     2 |     2 |     3 |    16 ||    23
       Scroll            |       |       |     1 |     4 ||     5
 Stab: Invisible         |       |       |     3 |       ||     3
Armor: Scale mail        |     5 |     1 |       |       ||     6
       Chain mail        |       |     6 |    20 |    52 ||    78
       Plate armour      |       |       |       |    19 ||    19
Dodge: Dodged            |     6 |     4 |     8 |    81 ||    99
Block: Buckler           |     4 |     1 |       |       ||     5

Table legend: (Time is in decaauts)
 A = Elapsed time spent in this place.
 B = Non-inter-level travel time spent in this place.
 C = Inter-level travel time spent in this place.
 D = Time resting spent in this place.
 E = Time spent auto-exploring this place.
 F = Levels seen in this place.
 G = Mean time per level.
                   A        B        C        D        E       F      G
               +--------+--------+--------+--------+--------+-----+--------+
         Total |   4554 |   4300 |    254 |   3135 |      0 |   1 | 4554.0 |
       Dungeon |   4554 |   4300 |    254 |   3135 |      0 |   1 | 4554.0 |
               +--------+--------+--------+--------+--------+-----+--------+

Top non-repeatable levels by time:
       D: 4554 daAuts
